 Dungeon Crawl Stone Soup version 0.31-a0-1159-g800acc2fd1 (webtiles) character file.

Game seed: 8162832656463946845

468 Malachi the Changeling (level 7, -5/43 HPs)
             Began as an Octopode Shapeshifter on Dec 8, 2023.
             Was a Believer of Qazlal.
             Slain by a gnoll
             ... wielding a +0 halberd
              (14 damage)
             ... on level 5 of the Dungeon.
             The game lasted 00:05:10 (5036 turns).

Malachi the Changeling (Octopode Shapeshifter)      Turns: 5036, Time: 00:05:11

Health: -5/43      AC:  2    Str: 19    XL:     7   Next: 8%
Magic:  7/7        EV: 13    Int: 12    God:    Qazlal [**....]
Gold:   145        SH:  3    Dex: 14    Spells: 6/6 levels left

rFire   + + .        s - +0 sling (heavy)
rCold   + + +        e - orb {mayhem}
rNeg    . . .        a - +1 hat of the Apothecary {Harm rElec rC+++ Stlth-}
rPois   .            (no amulet)
rElec   +            n - ring of protection from fire
rCorr   .            v - +6 ring of strength
SInv    .            f - ring of protection from fire
Will    .....        (no ring)
Stlth   +            (no ring)
HPRegen 0.27/turn    (no ring)
MPRegen 0.10/turn    (no ring)
                     (no ring)

%: harm (+30% outgoing, +20% incoming), mayhem
@: no status effects
A: almost no armour, amphibious, 8 rings, camouflage 1, gelatinous body 1,
(nimble swimmer 1), tentacles
a: Renounce Religion, Upheaval


You were on level 5 of the Dungeon.
You worshipped Qazlal.
Qazlal was pleased with you.
You visited 1 branch of the dungeon, and saw 5 of its levels.

You collected 145 gold pieces.

Inventory:

Hand Weapons
 s - a +0 heavy sling (weapon)
Missiles
 x - 2 throwing nets
Armour
 a - the +1 hat of the Apothecary (worn) {Harm rElec rC+++ Stlth-}
   (You acquired it on level 4 of the Dungeon)

   rC+++:     It renders you almost immune to cold.
   rElec:     It insulates you from electricity.
   Harm:      It increases damage dealt and taken.
   Stlth-:    It makes you less stealthy.
 e - an orb of mayhem (worn)
Jewellery
 f - a ring of protection from fire (on tentacle)
 n - a ring of protection from fire (left tentacle)
 v - a +6 ring of strength (right tentacle)
Talismans
 b - a beast talisman
 c - a flux talisman
Scrolls
 d - 4 scrolls of identify
 h - 2 scrolls of enchant armour {unknown}
 i - 5 scrolls of teleportation {unknown}
 j - a scroll of blinking {unknown}
 k - a scroll of vulnerability {unknown}
 o - a scroll of enchant weapon {unknown}
 w - 2 scrolls of amnesia {unknown}
Potions
 l - a potion of curing
 p - a potion of attraction {unknown}
 q - a potion of berserk rage {unknown}
 r - a potion of degeneration {unknown}
 t - a potion of mutation {unknown}
 u - a potion of might {unknown}
 z - a potion of brilliance {unknown}


   Skills:
 - Level 1.0 Fighting
 * Level 4.6 Ranged Weapons
 - Level 2.0 Dodging
 - Level 4.3 Unarmed Combat
 - Level 4.8 Shapeshifting


You had 6 spell levels left.
You didn't know any spells.
Your spell library contained the following spells:

 Spells                   Type           Power      Damage    Failure   Level
 Apportation              Tloc           0%         N/A       32%         1
 Slow                     Hex            0%         N/A       32%         1
 Summon Small Mammal      Summ           0%         N/A       32%         1
 Blink                    Tloc           0%         N/A       45%         2
 Jinxbite                 Hex            0%         N/A       45%         2
 Lesser Beckoning         Tloc           0%         N/A       45%         2
 Momentum Strike          Conj/Tloc      0%         3d8       45%         2
 Passwall                 Tmut/Erth      0%         N/A       45%         2
 Confusing Touch          Hex            0%         N/A       69%         3
 Sigil of Binding         Hex            0%         N/A       69%         3
 Vampiric Draining        Necr           0%         2d6       69%         3
 Alistair's Intoxication  Tmut/Pois      0%         N/A       100%        5
 Eringya's Noxious Bog    Tmut/Pois      0%         4d6       100%        6


Dungeon Overview and Level Annotations

Branches:
Dungeon (5/15)
 Temple: D:4-7

Altars:
Okawaru
Qazlal
Wu Jian
Yredelemnul


Innate Abilities, Weirdness & Mutations

You cannot wear most types of armour.
You are amphibious.
You can wear up to eight rings at the same time.
Your skin changes colour to match your surroundings (Stealth+).
Your rubbery body absorbs attacks. (AC +1, EV +1)
((You are camouflaged when in or above water. (Stealth+)))
You have tentacles for arms and can constrict up to eight enemies at once.


Message History

The sling bullet hits the gnoll!
The gnoll is almost dead.
A jackal comes into view.
The gnoll hits you from afar with a +0 spear.
The gnoll closely misses you.
The jackal barks!
You hear a bark!
A jackal comes into view.
Fire: s) +0 sling (heavy)
Press: ? - help, Q - select action, (/) - cycle Shift-Dir - straight line, f/p - gnoll
Aim: a gnoll, wielding a +0 spear (almost dead, 61% to hit)
You shoot a sling bullet. The sling bullet hits the gnoll.
The gnoll is almost dead.
The gnoll closely misses you.
A jackal comes into view.
Fire: s) +0 sling (heavy)
Press: ? - help, Q - select action, (/) - cycle Shift-Dir - straight line, f/p - gnoll
Aim: a gnoll, wielding a +0 spear (almost dead, 61% to hit)
You shoot a sling bullet.
The sling bullet barely misses the gnoll.
The sling bullet hits the jackal!
You kill the jackal!
Qazlal accepts your kill. The jackal misses you.
The gnoll hits you from afar with a +0 spear!
The gnoll hits you from afar with a +0 spear.
Fire: s) +0 sling (heavy)
Press: ? - help, Q - select action, (/) - cycle Shift-Dir - straight line, f/p - gnoll
Aim: a gnoll, wielding a +0 spear (almost dead, 61% to hit)
You shoot a sling bullet. The sling bullet hits the gnoll!
You kill the gnoll!
Qazlal accepts your kill.
The gnoll flies into a frenzy!
The gnoll misses you. The jackal misses you. The jackal barely misses you.
The gnoll hits you from afar with a +0 halberd!
* * * LOW HITPOINT WARNING * * *
The jackal closely misses you. The gnoll barely misses you.
The jackal bites you.
* * * LOW HITPOINT WARNING * * *
The gnoll hits you from afar with a +0 halberd!
You die...

......#....#...#
..#####....#####
..# ###.....#
... ..#.....#
... #..'.....# #
#.##.....######
# ####.......#
#.......#
#...°@h.#
#...gh..#
#....g.g#
#....†..#'
###'#.....
...#.....
....#......
##...#....... #.
#....####


You could see 2 gnolls, 2 jackals and a neutral gnoll (fast, strong, frenzied).

Vanquished Creatures
  An ice beast (D:5)
  An ogre (D:5)
  2 hounds
  An iguana (D:5)
  8 adders
  A gnoll (D:5)
  A shadow imp (D:5)
  3 ufetubi
  2 worms
  5 dart slugs
  4 orcs (D:4)
  2 ball pythons
  8 endoplasms
  5 giant cockroaches
  5 goblins
  8 hobgoblins
  3 jackals
  3 quokkas
  9 bats
  5 frilled lizards
  3 kobolds
  6 rats
86 creatures vanquished.

Vanquished Creatures (collateral kills)
  A bat (D:2)
  2 jackals (D:1)
3 creatures vanquished.

Vanquished Creatures (others)
  An ufetubus (D:4)
1 creature vanquished.

Grand Total: 90 creatures vanquished

Notes
Turn   | Place    | Note
-------+----------+-------------------------------------------
     0 | D:1      | Malachi the Octopode Shapeshifter began the quest for the
                  | Orb.
     0 | D:1      | Reached XP level 1. HP: 13/13 MP: 1/1
   163 | D:1      | Reached XP level 2. HP: 7/18 MP: 2/2
   542 | D:1      | Reached XP level 3. HP: 23/23 MP: 3/3
   767 | D:1      | Found a faded altar of an unknown god.
   842 | D:1      | Prayed at the altar of an unknown god.
   842 | D:1      | Became a worshipper of Qazlal Stormbringer
   842 | D:1      | Reached * piety under Qazlal
  1110 | D:2      | Found an ornate altar of the Wu Jian Council.
  1491 | D:2      | Reached XP level 4. HP: 14/28 MP: 4/4
  1939 | D:3      | Reached ** piety under Qazlal
  2609 | D:4      | Reached XP level 5. HP: 33/33 MP: 5/5
  2762 | D:4      | Got Jaicav's Collected Works on Changes and Accompaniment
  3290 | D:4      | HP: 1/33 [ufetubus (3)]
  3291 | D:4      | Reached skill level 1 in Ranged Weapons
  3818 | D:4      | Identified a scroll of acquirement
  3818 | D:4      | Acquired the +1 hat of the Apothecary {Harm rElec rC+++
                  | Stlth-}
  3848 | D:5      | Entered Level 5 of the Dungeon
  3965 | D:5      | Reached XP level 6. HP: 37/38 MP: 6/6
  4031 | D:5      | Found an iron altar of Okawaru.
  4060 | D:5      | HP: 1/38 [iguana (9)]
  4398 | D:5      | HP: 1/38 [ogre/+0 giant club (37)]
  4817 | D:5      | Found a basalt altar of Yredelemnul.
  4827 | D:5      | Noticed an ice beast
  4836 | D:5      | Killed an ice beast
  4837 | D:5      | Reached XP level 7. HP: 22/43 MP: 7/7
  5036 | D:5      | Slain by a gnoll

Illustrated notes

Levels and vault maps discovered:
D:1:      scummos_arrival_simple_fountains, layout_basic,
          shapermc_ecumenical_altar_mp_vishouse, st_stairs_11,
          minmay_misc_feat_tiny
D:2:      layout_rooms, basic_altar, serial_corexii_hall,
          chequers_hall_statues_y, chequers_hall_statues_wall_a,
          chequers_hall_statues_corner_a
D:3:      minmay_angry_zag, layout_loops_ring, kennysheep_another_room,
          minmay_misc_feat_doors
D:4:      layout_loops_ring
D:5:      layout_gridville, mainiacjoe_overflow_six_doors_small,
          okawaru_ov_weapons_minmay, chequers_serial_rivers_large_b,
          sigmund_edmund_badplayer

Skill      XL: |  1  2  3  4  5  6 |
---------------+-------------------+-----
Unarmed Combat | 4 |  4.3
Shapeshifting  | 4 |  4.8
Ranged Weapons | 2 4 |  4.6
Fighting       | |  1.0
Dodging        | |  2.0

Action                     |  1- 3 |  4- 6 |  7- 9 || total
---------------------------+-------+-------+-------++-------
  Melee: Unarmed           |    76 |    41 |       ||   117
         Constrict         |    21 |    12 |       ||    33
         Tentacles         |     9 |    10 |       ||    19
         Punch             |     2 |     3 |       ||     5
   Fire: Sling             |       |   101 |     6 ||   107
Ability: Begin Untransform |       |     1 |       ||     1
    Use: Scroll            |       |     4 |       ||     4
         Potion            |       |     3 |       ||     3
   Stab: Sleeping          |     5 |       |       ||     5
 Armour: Skin              |    35 |    71 |     6 ||   112
  Dodge: Dodged            |    52 |   118 |     8 ||   178
   Form: Beast             |       |     1 |       ||     1

Table legend: (Time is in decaauts)
 A = Elapsed time spent in this place.
 B = Non-inter-level travel time spent in this place.
 C = Inter-level travel time spent in this place.
 D = Time resting spent in this place.
 E = Time spent auto-exploring this place.
 F = Levels seen in this place.
 G = Mean time per level.
                   A        B        C        D        E       F      G
               +--------+--------+--------+--------+--------+-----+--------+
         Total |   5089 |   4925 |    164 |   1497 |   2808 |   5 | 1017.8 |
       Dungeon |   5089 |   4925 |    164 |   1497 |   2808 |   5 | 1017.8 |
               +--------+--------+--------+--------+--------+-----+--------+

Top non-repeatable levels by time:
     D:4: 1261 daAuts
     D:5: 1231 daAuts
     D:1: 1048 daAuts
     D:2: 817 daAuts
     D:3: 730 daAuts
